 Dungeon Crawl Stone Soup version 0.30-a0-652-gcc886f7154 (webtiles) character file.

Game seed: 3919222420080316604

591 tnzxongg the Chopper (level 7, -5/61 HPs)
             Began as a Hill Orc Fighter on Jan 17, 2023.
             Slain by Pikel
             ... wielding a +1 whip of freezing
              (8 damage)
             ... on level 3 of the Dungeon.
             The game lasted 00:14:42 (4994 turns).

tnzxongg the Chopper (Hill Orc Fighter)             Turns: 4994, Time: 00:14:43

Health: -5/61      AC:  7    Str: 21    XL:     7   Next: 39%
Magic:  7/7        EV:  9    Int:  8    God:
Gold:   153        SH:  4    Dex: 10    Spells: 6/6 levels left

rFire   . . .      SeeInvis .    a - +0 war axe
rCold   . . .      Faith    .    c - +0 buckler
rNeg    . . .      Spirit   .    b - +0 scale mail
rPois   .          Reflect  .    (no helmet)
rElec   .          Harm     .    (no cloak)
rCorr   .          Rampage  .    (no gloves)
Will    .....                    (no boots) Stlth
                                 (no amulet)
HPRegen 0.30/turn                h - +4 ring of slaying
MPRegen 0.10/turn                (no ring)

@: no status effects
A: no striking features
a: no special abilities


You were on level 3 of the Dungeon.
You visited 1 branch of the dungeon, and saw 4 of its levels.

You collected 187 gold pieces.
You spent 34 gold pieces at shops.

Inventory:

Hand Weapons
 a - a +0 war axe (weapon)
Armour
 b - a +0 scale mail (worn)
 c - a +0 buckler (worn)
Jewellery
 h - a +4 ring of slaying (left hand)
 r - a ring of ice
Wands
 k - a wand of flame (23)
 u - a wand of acid (10)
Scrolls
 f - a scroll of teleportation
 i - 2 scrolls of poison
 j - a scroll of identify {unknown}
 m - 2 scrolls of immolation
 p - a scroll of vulnerability {unknown}
 q - a scroll of brand weapon {unknown}
 t - a scroll of amnesia {unknown}
 w - a scroll of enchant armour {unknown}
Potions
 d - a potion of mutation {unknown}
 e - a potion of resistance {unknown}
 g - a potion of haste
 l - 2 potions of attraction
 n - 2 potions of cancellation {unknown}
 o - a potion of magic {unknown}
 s - a potion of flight {unknown}
 v - a potion of brilliance {unknown}


   Skills:
 + Level 5.3 Fighting
 + Level 6.7 Axes
 + Level 5.5 Armour
 + Level 1.3 Dodging
 - Level 0.1 Stealth
 + Level 4.0 Shields


You had 6 spell levels left.
You didn't know any spells.
Your spell library contained the following spells:

 Spells                   Type           Power      Damage    Failure   Level
 Cigotuvi's Dreadful Rot  Necr/Pois/Air  0%         N/A       91%         2
 Portal Projectile        Hex/Tloc       0%         N/A       99%         3
 Tukima's Dance           Hex            0%         N/A       99%         3
 Dispel Undead            Necr           0%         3d6       100%        4
 Blade Hands              Tmut           0%         N/A       100%        5
 Death Channel            Necr           0%         N/A       100%        6


Dungeon Overview and Level Annotations

Branches:
Dungeon (4/15)
 Temple: D:4-7

Altars:
Kikubaaqudgha
Nemelex Xobeh
Ru
Uskayaw

Shops:
D:3 *   D:4 :

Annotations:
D:3 Edmund, Pikel


Message History

You block the lemure's attack.
There is a stone staircase leading up here.
You miss the lemure.
The lemure is lightly wounded.
The lemure hits you. The lemure barely misses you. Pikel completely misses you.
You climb upwards.
Level annotation: Edmund
There is a stone staircase leading down here.
You hit Pikel.
Pikel is lightly wounded.
You slash the lemure! You hit the lemure.
The lemure hits you but does no damage.
Pikel hits you with a +1 whip of freezing!
Pikel freezes you. The lemure hits you!
You slice the lemure!!
You kill the lemure!
That felt strangely unrewarding.
You closely miss Pikel. You closely miss the lemure.
Pikel hits you with a +1 whip of freezing!
* * * LOW HITPOINT WARNING * * *
Pikel freezes you.
* * * LOW HITPOINT WARNING * * *
The lemure closely misses you. The lemure hits you but does no damage.
The lemure hits you but does no damage.
You closely miss Pikel.
Pikel is lightly wounded.
You closely miss the lemure. Pikel completely misses you.
The lemure hits you but does no damage.
You slash Pikel!
Pikel is moderately wounded.
Pikel hits you with a +1 whip of freezing!
* * * LOW HITPOINT WARNING * * *
Pikel freezes you.
* * * LOW HITPOINT WARNING * * *
Pikel closely misses you. Pikel attacks as you move away!
Pikel hits you with a +1 whip of freezing!
You die...

. #...#...........#
..#....#.#.#.#.#..#
..#..........)..###
..#....#.#.#.#.#>#
..#.........<....#
..#....#.#.#.#.#.# .
#...#.........5#
###.#.##.#.#.#.#K#
)...#....#####..@#
....#.#### ##..#
..#.#)#########..#
..#.#.........#..#
..#.#########.#..#
..#.# #....# ..#.#
#....#
....#########....#####
..............#......#


You could see Pikel and a lemure.

Vanquished Creatures
  A lemure (D:3)
  A scorpion (D:4)
  A necrophage (D:4)
  A gnoll bouda (D:4)
  A hound (D:3)
  A jelly (D:4)
  Jessica (D:2)
  Natasha (thrice) (D:2)
  11 gnolls (D:4)
  7 adders
  A worm (D:2)
  5 dart slugs
  7 orcs
  3 ball pythons
  7 endoplasms
  3 giant cockroaches
  8 goblins
  7 hobgoblins
  7 jackals
  9 kobolds
  3 quokkas
  6 bats
  5 frilled lizards
  4 rats
103 creatures vanquished.

Vanquished Creatures (others)
  A human (D:4)
  A fungus (D:4)
2 creatures vanquished.

Grand Total: 105 creatures vanquished

Notes
Turn   | Place    | Note
-------+----------+-------------------------------------------
     0 | D:1      | tnzxongg the Hill Orc Fighter began the quest for the Orb.
     0 | D:1      | Reached XP level 1. HP: 19/19 MP: 1/1
   124 | D:1      | Reached XP level 2. HP: 27/27 MP: 2/2
   287 | D:1      | Reached skill level 3 in Axes
   521 | D:1      | Found a faded altar of an unknown god.
   578 | D:1      | Reached XP level 3. HP: 33/33 MP: 3/3
  1344 | D:2      | Reached skill level 4 in Axes
  1344 | D:2      | Reached XP level 4. HP: 36/40 MP: 4/4
  1468 | D:2      | Noticed Natasha
  1492 | D:2      | Killed Natasha
  1583 | D:2      | Noticed Natasha
  1588 | D:2      | Killed Natasha
  1589 | D:2      | Reached XP level 5. HP: 46/46 MP: 5/5
  1698 | D:2      | Noticed Natasha
  1707 | D:2      | Killed Natasha
  1757 | D:2      | Found a sparkling altar of Nemelex Xobeh.
  1765 | D:2      | Reached skill level 5 in Axes
  1765 | D:2      | Reached skill level 1 in Dodging
  1896 | D:2      | Noticed Jessica
  1908 | D:2      | Killed Jessica
  2330 | D:3      | Found Coriwa's Assorted Antiques.
  2335 | D:3      | Bought a scroll labelled ATAOJA VYHI for 17 gold pieces
  2335 | D:3      | Bought a scroll labelled WIRUGO RELIF for 17 gold pieces
  2433 | D:3      | Found a sacrificial altar of Ru.
  2550 | D:3      | Found a hide-covered altar of Uskayaw.
  2742 | D:3      | Reached XP level 6. HP: 53/53 MP: 6/6
  3231 | D:4      | Noticed Edmund
  3293 | D:3      | HP: 2/53 [Edmund/+0 dire flail of protection (6)]
  3600 | D:4      | Reached skill level 6 in Axes
  3610 | D:4      | Found an ancient bone altar of Kikubaaqudgha.
  3637 | D:3      | Reached skill level 5 in Fighting
  3814 | D:4      | Noticed a human
  3816 | D:4      | Killed a human
  3818 | D:4      | Reached skill level 5 in Armour
  3818 | D:4      | Reached XP level 7. HP: 17/61 MP: 7/7
  4950 | D:4      | Found Ziukh's Book Boutique.
  4961 | D:4      | Noticed Pikel
  4991 | D:3      | HP: 2/61 [Pikel/+1 whip of freezing (3)]
  4994 | D:3      | Slain by Pikel

Illustrated notes

Levels and vault maps discovered:
D:1:      dpeg_arrival_leaves_temple_mockup, layout_loops_corners,
          hellmonk_ecumenical_altar_run_dry, grunt_decor_one_mirror,
          kennysheep_crisscross
D:2:      layout_loops_ring, basic_altar, uniq_jessica, uniq_natasha
D:3:      minmay_wonky_spiral, layout_basic, lemuel_tele_altar,
          mainiacjoe_overflow_paths, serial_shops, nicolae_shop_trees,
          st_stairs_9, kennysheep_generic_room_7
D:4:      layout_cave_pools, tgw_kikubaaqudgha, serial_bayou,
          serial_bayou_lake_a, serial_bayou_lagoon_b, serial_bayou_pond_e,
          serial_bayou_shore_a, serial_shops, nicolae_shop_advertising_works
          [nicolae_subvault_shop_adworks], dreamdust_gnoll_farm, uniq_pikel,
          uniq_edmund

Skill      XL: |  1  2  3  4  5  6 |
---------------+-------------------+-----
Axes           | 3 4 5 6 |  6.7
Fighting       | 4 5 |  5.3
Armour         | 4 5 |  5.5
Dodging        | 1 |  1.3
Shields        | 4 |  4.0
Stealth        | |  0.1

Action                   |  1- 3 |  4- 6 |  7- 9 || total
-------------------------+-------+-------+-------++-------
Melee: War axe           |   116 |   164 |    59 ||   339
Evoke: Wand              |       |     1 |       ||     1
  Use: Scroll            |     1 |     4 |     1 ||     6
       Potion            |       |     3 |       ||     3
Armor: Scale mail        |    53 |    68 |    42 ||   163
Dodge: Dodged            |    49 |    82 |    43 ||   174
Block: Buckler           |    27 |    36 |    15 ||    78

Table legend: (Time is in decaauts)
 A = Elapsed time spent in this place.
 B = Non-inter-level travel time spent in this place.
 C = Inter-level travel time spent in this place.
 D = Time resting spent in this place.
 E = Time spent auto-exploring this place.
 F = Levels seen in this place.
 G = Mean time per level.
                   A        B        C        D        E       F      G
               +--------+--------+--------+--------+--------+-----+--------+
         Total |   5089 |   5083 |      6 |   1470 |   2187 |   4 | 1272.2 |
       Dungeon |   5089 |   5083 |      6 |   1470 |   2187 |   4 | 1272.2 |
               +--------+--------+--------+--------+--------+-----+--------+

Top non-repeatable levels by time:
     D:3: 1658 daAuts
     D:2: 1213 daAuts
     D:1: 1113 daAuts
     D:4: 1103 daAuts
